Map: Oxide LE

Players

Seither - Winner!

  • Race: Terran Terran

Demi

  • Race: Zerg Zerg

Event: DreamHack SC2 Masters 2021 Winter

VOD

Have the link to the VOD?

Description

Time

  • Played on: Oct. 2, 2021, 5:33 a.m.
  • Length: 15:28

All games in this series

Show
View Real Time Build Order
Export as new Build Order

Seither Terran - Winner!

Build Orders: Reaper Expand 

Get SALT Encoding   

  12  0:00  SCV  
  13  0:12  SCV  
  14  0:17  Supply Depot  
  14  0:24  SCV  
  15  0:38  SCV  
  15  0:40  Barracks  
  16  0:44  Refinery  
  16  0:50  SCV  
  17  1:03  SCV  
  18  1:15  SCV  
  19  1:27  Reaper, Orbital Command  
  20  1:39  Command Center  
  20  1:50  Supply Depot  
  20  1:53  SCV  
  21  1:59  Marine  
  22  2:05  SCV  
  23  2:08  Factory  
  23  2:17  SCV  
  24  2:26  Barracks Reactor  
  24  2:29  SCV  
  25  2:42  SCV  
  25  2:44  Command Center  
  26  2:52  Orbital Command  
  26  2:54  SCV  
  27  3:00  Starport  
  27  3:08  SCV  
  27  3:11  Hellion  
  27  3:12  Hellion  
  32  3:16  Marine  
  32  3:19  SCV  
  34  3:22  Refinery  
  34  3:23  SCV  
  34  3:31  SCV  
  35  3:35  Hellion, SCV  
  35  3:36  Hellion  
  40  3:42  Viking  
  40  3:43  Barracks Tech Lab  
  40  3:45  SCV  
  40  3:48  SCV  
  44  3:57  SCV, Orbital Command  
  44  4:00  SCV  
  46  4:03  Hellion  
  46  4:04  Hellion  
  46  4:09  Stimpack  
  50  4:11  Supply Depot, SCV  
  50  4:13  SCV  
  52  4:22  Orbital Command  
  52  4:29  Starport Reactor  
  52  4:30  Barracks  
  52  4:31  Marine  
  52  4:34  SCV x2, Barracks  
  55  4:39  Factory Tech Lab  
  55  4:41  Supply Depot  
  55  4:48  SCV x2  
  55  4:50  Marine  
  55  4:51  Engineering Bay  
  58  4:54  Refinery, Engineering Bay  
  58  4:55  Refinery  
  58  4:57  SCV  
  58  4:59  Siege Tank  
  62  5:00  SCV  
  62  5:04  Supply Depot  
  63  5:07  Barracks  
  63  5:09  Barracks  
  63  5:11  SCV x2  
  65  5:16  Starport Reactor  
  65  5:19  Marine  
  65  5:20  SCV  
  67  5:23  SCV  
  67  5:24  Terran Infantry Weapons Level 1  
  67  5:25  Terran Infantry Armor Level 1  
  68  5:30  Marine x4  
  68  5:32  SCV  
  68  5:33  SCV  
  74  5:35  Supply Depot  
  74  5:40  Marine  
  74  5:41  Siege Tank  
  78  5:46  Supply Depot  
  78  5:47  SCV x3  
  78  5:48  Marine  
  82  5:56  Medivac  
  84  5:57  Medivac  
  84  6:00  SCV x2  
  84  6:01  Supply Depot  
  84  6:03  Barracks Reactor, Marine x2  
  84  6:04  Barracks Reactor  
  90  6:11  Marine  
  90  6:12  Combat Shield, Marine  
  90  6:13  SCV x3  
  90  6:16  Supply Depot  
  95  6:20  Marine x2  
  95  6:24  Supply Depot  
  98  6:25  SCV x2  
  98  6:26  Siege Tank  
  102  6:35  Marine  
  102  6:36  Marine  
  104  6:42  SCV x2  
  104  6:43  Supply Depot, SCV, Marine  
  104  6:44  Marine x5  
  104  6:46  Supply Depot, Medivac  
  115  6:47  Medivac  
  117  6:54  Armory  
  117  6:58  Marine x3  
  120  7:01  SCV x2  
  120  7:02  SCV  
  120  7:05  Refinery x2  
  121  7:09  Supply Depot, Marine x3  
  121  7:10  Marine  
  121  7:11  Siege Tank  
  128  7:21  Marine x2  
  128  7:22  Marine x2  
  132  7:28  Marine x4  
  132  7:29  Medivac x2  
  140  7:34  SCV x2  
  140  7:35  Supply Depot, SCV  
  143  7:38  Supply Depot  
  143  7:44  Marine x5  
  143  7:46  SCV  
  149  7:51  Supply Depot  
  149  7:52  Supply Depot x2  
  149  7:57  SCV x2, Siege Tank, Marine x2  
  156  8:04  Marine x3  
  156  8:05  Terran Infantry Weapons Level 2, Terran Infantry Armor Level 2, Marine x3  
  162  8:10  Marine  
  156  8:14  Marine x2  
  156  8:20  Medivac x2  
  156  8:22  Supply Depot, Marine x4  
  164  8:28  Marine  
  164  8:29  Siege Tank, Marine x2  
  164  8:32  Marine  
  144  8:42  Command Center  
  131  8:54  Barracks  
  131  8:55  Marine x2, Barracks  
  131  8:56  Marine x6  
  131  8:57  Factory  
  131  8:59  Barracks  
  139  9:05  Marine  
  139  9:09  Liberator  
  140  9:10  Liberator  
  140  9:13  Marine x2  
  140  9:16  Marine  
  140  9:17  Marine x2  
  151  9:30  Marauder, Marine x3  
  151  9:31  Marine  
  156  9:33  Siege Tank  
  156  9:37  Marine x4  
  163  9:48  Marine  
  163  9:50  Barracks Tech Lab x2, Factory Reactor  
  163  9:52  Marauder, Sensor Tower, Marine x3  
  168  9:55  Marine x2  
  168  9:56  Barracks Tech Lab  
  171  10:11  Marauder x2, Concussive Shells, Marine  
  171  10:12  Marine x3  
  171  10:13  Widow Mine  
  183  10:14  Marauder, Sensor Tower  
  183  10:16  Liberator x2  
  189  10:27  Bunker  
  189  10:28  Planetary Fortress  
  189  10:32  Marauder  
  188  10:44  Marauder, Marine  
  188  10:45  Marauder x2, Widow Mine x2  
  188  10:46  Widow Mine  
  198  10:54  SCV x2  
  200  10:58  Terran Infantry Weapons Level 3, Terran Infantry Armor Level 3  
  161  11:13  Widow Mine  
  162  11:21  Marauder x2, Marine x5  
  162  11:22  Marauder x2  
  162  11:24  Factory Tech Lab  
  175  11:26  Ghost Academy  
  175  11:27  SCV x2, Refinery  
  175  11:28  Factory, Refinery  
  177  11:34  Siege Tank  
  177  11:38  Marine x2  
  181  11:42  Marine x3  
  181  11:43  Marauder x4  
  192  11:52  Command Center  
  186  11:57  Marine x2  
  188  12:04  Marauder x4  
  188  12:07  Marine x3  
  197  12:25  Marauder  
  197  12:26  Marauder  
  198  12:34  Factory Tech Lab  
  198  12:36  Marauder, Factory Tech Lab  
  200  12:37  Supply Depot  
  197  12:56  Marauder x3  
  197  12:57  Marauder, Siege Tank x2  
  197  12:58  Liberator, Siege Tank  
  194  13:15  Command Center  
  194  13:16  Command Center  
  194  13:17  Marauder  
  194  13:18  Marauder  
  200  13:27  Marauder  
  200  13:39  Planetary Fortress  
  197  13:46  Marauder  
  197  13:47  Marauder  
  187  13:56  Marauder x2  
  187  13:57  Siege Tank x3  
  200  14:12  Refinery  
  200  14:13  Refinery  
  187  14:28  Ghost x2  
  187  14:29  Marine x2, Ghost x2  
  187  14:31  Orbital Command x2  
  192  14:40  Liberator x2  
  198  14:57  Ghost  
  198  14:58  Marauder x2  
  198  14:59  Marine x3  
  184  15:00  Marauder, Marine  
  184  15:03  Marine x2  
  184  15:04  Marine  
Show
View Real Time Build Order
Export as new Build Order

Demi Zerg 

Build Orders: Hatch First, Lurkers 

Get SALT Encoding   

  12  0:00  Drone  
  13  0:13  Overlord  
  13  0:18  Drone  
  14  0:31  Drone x2  
  16  0:48  Hatchery  
  15  0:51  Drone  
  15  0:54  Drone  
  17  0:59  Drone  
  18  1:09  Extractor  
  17  1:14  Spawning Pool  
  17  1:16  Drone  
  17  1:20  Drone  
  18  1:29  Drone  
  20  1:40  Drone  
  20  1:50  Drone  
  21  2:00  Queen  
  21  2:01  Queen  
  25  2:02  Zergling x4  
  27  2:11  Overlord  
  27  2:13  Drone  
  28  2:22  Hatchery  
  27  2:25  Drone  
  27  2:35  Drone x2  
  29  2:43  Drone, Queen  
  32  2:48  Overlord  
  32  2:50  Metabolic Boost  
  32  2:55  Drone x2  
  32  2:57  Drone  
  35  3:06  Queen  
  35  3:08  Drone x2  
  39  3:13  Overlord  
  39  3:14  Drone  
  39  3:16  Drone  
  39  3:18  Drone  
  42  3:28  Overlord  
  42  3:31  Queen  
  44  3:35  Zergling x4  
  44  3:37  Queen  
  44  3:39  Zergling x2  
  49  3:43  Overlord  
  49  3:44  Drone  
  49  3:45  Drone  
  49  3:46  Drone  
  52  3:56  Zergling x4  
  52  3:58  Drone, Overlord  
  52  3:59  Drone x3  
  58  4:06  Drone x3  
  61  4:11  Extractor  
  61  4:16  Drone x2, Spore Crawler  
  61  4:17  Drone  
  61  4:18  Drone  
  61  4:22  Queen  
  61  4:24  Zergling x6  
  67  4:26  Drone  
  67  4:29  Overlord  
  69  4:34  Evolution Chamber  
  69  4:35  Drone x2  
  69  4:36  Evolution Chamber  
  69  4:39  Drone x2  
  71  4:46  Drone x2  
  71  4:52  Drone x2  
  75  4:53  Drone x3, Overlord x2  
  75  4:55  Drone  
  75  4:59  Zerg Ground Armor Level 1  
  79  5:03  Drone x2  
  81  5:07  Zerg Melee Weapons Level 1  
  81  5:11  Overlord x2  
  81  5:17  Lair  
  81  5:19  Drone x2  
  83  5:21  Baneling Nest  
  83  5:22  Drone  
  83  5:23  Drone x4  
  87  5:29  Drone x5  
  87  5:30  Drone  
  87  5:32  Extractor  
  87  5:33  Extractor  
  91  5:41  Zergling x4  
  93  5:45  Hatchery  
  93  5:49  Overlord x2  
  92  5:58  Drone, Overlord  
  93  6:05  Drone x2, Overlord x2  
  93  6:06  Overlord x2  
  93  6:07  Hatchery  
  93  6:10  Zergling x12  
  100  6:14  Centrifugal Hooks  
  100  6:26  Overseer  
  100  6:27  Drone x3  
  100  6:29  Baneling x4  
  100  6:30  Pneumatized Carapace  
  100  6:31  Overseer  
  103  6:36  Zergling x12  
  109  6:42  Zergling x2  
  109  6:43  Zergling x12  
  116  6:50  Drone x2  
  116  6:53  Zergling x2  
  119  6:55  Zerg Ground Armor Level 2  
  119  7:01  Zerg Melee Weapons Level 2  
  119  7:03  Zergling x2  
  119  7:04  Zergling x10  
  125  7:12  Overlord x2  
  125  7:13  Drone x4  
  129  7:25  Zergling x16  
  129  7:29  Zergling x10, Spore Crawler  
  141  7:30  Hatchery  
  141  7:35  Zergling x14  
  141  7:36  Zergling x2  
  148  7:45  Zergling x2  
  148  7:46  Infestation Pit, Zergling x12  
  148  7:47  Baneling x4  
  154  7:51  Overlord x2  
  154  8:01  Baneling x9  
  154  8:02  Baneling x8  
  154  8:03  Zergling x12  
  154  8:04  Zergling x8  
  159  8:09  Zergling x8  
  159  8:12  Zergling x6  
  156  8:17  Zergling x2  
  156  8:18  Zergling x6  
  147  8:21  Zergling x2  
  147  8:26  Zergling x2  
  148  8:27  Zergling x6  
  148  8:29  Zergling x2  
  148  8:30  Zergling x6  
  150  8:41  Zergling x10  
  122  8:46  Zergling x14  
  122  8:47  Hive  
  126  8:49  Queen  
  128  8:57  Zergling x8  
  128  8:58  Zergling x10  
  128  9:00  Baneling x4  
  128  9:01  Baneling  
  137  9:03  Extractor x2  
  137  9:05  Drone x7, Extractor  
  137  9:06  Extractor  
  137  9:08  Hydralisk Den  
  139  9:10  Baneling x2  
  139  9:11  Baneling x3  
  139  9:14  Drone x3  
  139  9:15  Drone x3  
  139  9:16  Baneling  
  139  9:17  Baneling x2  
  145  9:20  Drone  
  145  9:21  Drone x7  
  152  9:28  Burrow  
  152  9:31  Zerg Missile Weapons Level 1  
  152  9:36  Drone x2  
  152  9:37  Drone x5  
  159  9:41  Muscular Augments  
  159  9:43  Lurker Den  
  159  9:44  Zergling x10  
  159  9:45  Zergling x8  
  165  9:51  Hydralisk x3  
  165  9:52  Hydralisk  
  173  9:53  Zergling x4  
  174  10:01  Adrenal Glands  
  173  10:08  Baneling x7  
  173  10:10  Zergling x24  
  185  10:21  Baneling x3  
  185  10:37  Spore Crawler x2  
  180  10:44  Drone x3  
  180  10:48  Seismic Spines  
  180  10:49  Lurker  
  184  10:50  Lurker x3  
  184  10:51  Hydralisk x3  
  184  10:52  Grooved Spines  
  193  11:02  Zergling x14  
  193  11:03  Zergling x16  
  172  11:12  Zergling x30  
  182  11:18  Hydralisk  
  182  11:19  Zergling x8  
  182  11:22  Baneling x2  
  182  11:25  Hydralisk x3  
  188  11:26  Zergling x4  
  188  11:27  Zerg Ground Armor Level 3  
  188  11:29  Zerg Melee Weapons Level 3, Overseer  
  188  11:30  Queen  
  192  11:45  Adaptive Talons  
  191  11:47  Lurker x3  
  185  11:54  Zergling x4  
  185  11:55  Zergling x26  
  196  12:05  Viper  
  183  12:24  Viper x2  
  183  12:26  Hydralisk x2  
  183  12:27  Zergling x22  
  195  12:36  Lurker x2  
  178  13:01  Hydralisk  
  178  13:02  Hydralisk x3  
  178  13:03  Zergling x28  
  195  13:12  Hydralisk x3  
  187  13:13  Hydralisk x2  
  187  13:14  Zergling x8  
  197  13:22  Lurker x2  
  197  13:26  Hydralisk x2  
  197  13:44  Zergling x8  
  198  13:55  Lurker  
  199  14:08  Baneling x8  
  199  14:09  Baneling x6  
  199  14:15  Overseer  
  199  14:16  Overseer x3  
  188  14:25  Zergling x2  
  188  14:26  Zergling x32  
  195  14:41  Overlord  
  195  14:49  Hydralisk x5  
  197  14:59  Hydralisk  
  152  15:00  Hydralisk x12  
  152  15:01  Zergling x4  
  152  15:02  Hydralisk x3  

Tags
 
Add a new tag
Caveats
  • Supply blocks, unpowered buildings, or Contaminate may cause inaccurate times.
  • Supply counts are checked every 10 seconds.